 Dungeon Crawl Stone Soup version 0.31.0-11-ge490571c62 (webtiles) character file.

Game seed: 8329276444670415124

2172 Drazool the Mimic (level 9, -1/65 (75) HPs)
             Began as a Naga Shapeshifter on Jan 30, 2024.
             Was a Believer of Uskayaw.
             Slain by a wight
             ... wielding a +1 falchion
              (4 damage)
             ... on level 7 of the Dungeon.
             The game lasted 00:18:14 (4879 turns).

Drazool the Mimic (Naga Shapeshifter)               Turns: 4879, Time: 00:18:14

HP:   -1/65 (75)    AC:  4    Str: 16      XL:     9   Next: 32%
MP:   9/9           EV: 15    Int: 12      God:    Uskayaw [**....]
Gold: 361           SH:  0    Dex: 13 (14) Spells: 8/8 levels left

rFire   . .          .
                       - Unarmed
rCold   . . .        (shield currently unavailable)
rNeg    . . .        a - +0 animal skin
rPois   +            e - +0 helmet
rElec   .            (no cloak)
rCorr   .            (gloves currently unavailable)
SInv    +            (no barding)
Will    +....        m - amulet of faith {!P}
Stlth   ++           E - +5 ring of evasion
HPRegen 0.30/turn    L - ring of flight
MPRegen 0.11/turn

%: faith
@: blade hands, flying, heavily drained, very slow
A: AC +3, large, see invisible, deformed body, poison resistance, slowness 2,
spit poison 1, naga tail 1
a: Spit Poison, Begin Untransformation, Renounce Religion, Stomp, Line Pass


You were on level 7 of the Dungeon.
You worshipped Uskayaw.
Uskayaw was noncommittal.
You had blades for hands.
You visited 2 branches of the dungeon, and saw 8 of its levels.

You collected 459 gold pieces.
You spent 98 gold pieces at shops.


Innate Abilities, Weirdness & Mutations

You have blades for hands.
You are incapable of wielding weapons or throwing items.
Your serpentine skin is tough. (AC +3)
You have supernaturally acute eyesight. (SInv)
Armour fits poorly on your strangely shaped body.
Your system is resistant to poisons. (rPois)
You cover ground very slowly.
You can spit poison.
You have a snake-like lower body.


   Skills:
 - Level 3.0 Fighting
 + Level 3.0 Dodging
 - Level 3.0 Stealth
 - Level 5.0 Unarmed Combat
 - Level 10.0 Shapeshifting


You had 8 spell levels left.
You didn't know any spells.
Your spell library contained the following spells:

 Spells                   Type           Power      Damage    Failure   Level
 Shock                    Conj/Air       0%         1d3       32%         1
 Gell's Gravitas          Tloc           0%         N/A       69%         3
 Swiftness                Air            0%         N/A       69%         3
 Teleport Other           Tloc           0%         N/A       69%         3
 Airstrike                Air            0%         2d(0-16)  97%         4
 Dispersal                Tloc           0%         N/A       100%        6

Inventory:

Missiles
 w - 3 curare-tipped darts {=f}
Armour
 a - a +0 animal skin (worn)
 e - a +0 helmet (worn)
 r - a +0 helmet
 F - a +1 pair of gloves
Jewellery
 m - an amulet of faith (around neck) {!P}
 t - an amulet of regeneration
 E - a +5 ring of evasion (left blade hand)
 L - a ring of flight (right blade hand)
Talismans
 c - a beast talisman
 d - a flux talisman
 j - a blade talisman (active)
Wands
 o - a wand of flame (38)
 B - a wand of light (12)
 H - a wand of paralysis (3)
 J - a wand of roots (9)
Scrolls
 f - a scroll of enchant weapon
 g - 2 scrolls of brand weapon
 h - 2 scrolls of fear
 u - a scroll of blinking {unknown}
 v - a scroll of noise {unknown}
 x - a scroll of enchant armour {unknown}
 y - 2 scrolls of teleportation {@r2}
 C - a scroll of vulnerability
 D - a scroll of torment {unknown}
 I - a scroll of amnesia {unknown}
Potions
 b - 2 potions of lignification
 i - 2 potions of brilliance {unknown}
 k - 3 potions of might
 n - 3 potions of mutation {unknown}
 p - 2 potions of invisibility {unknown}
 q - a potion of cancellation {unknown}
 s - 2 potions of attraction {unknown}
 z - a potion of degeneration {unknown}
 A - a potion of resistance {unknown}
 G - a potion of heal wounds {unknown}

Dungeon Overview and Level Annotations

Branches:
Dungeon (7/15)             Temple (1/1) D:5

Altars:
Ashenzari
Cheibriados
Dithmenos
Elyvilon
Fedhas
Gozag
Hepliaklqana
Kikubaaqudgha
Makhleb
Nemelex Xobeh
Okawaru
Qazlal
Uskayaw
Vehumet
Xom
Yredelemnul
Zin
The Shining One

Shops:
D:2 ! D:7

= #........#
#.)###...# #..#
#...# ..... #...#
.....# #...#
....>..# #...####
#......###......#
#...............#
..#####.##@#
#.##z# ####z#
#.z...$#
#........#
#5..≈≈..<.
#...≈≈.#.#
#..P.....#
#......#.#


You could see 3 wights and a shadow imp (fleeing).


Message History

The wight hits you with a +4 long sword!
* * * LOW HITPOINT WARNING * * *
You feel drained.
* * * LOW HITPOINT WARNING * * *
The wight attacks as it pursues you! The wight barely misses you.
The wight closely misses you.
You can no longer pass through a line of other dancers.
You slash the wight!
The wight is heavily damaged.
The wight hits you with a +1 falchion!
* * * LOW HITPOINT WARNING * * *
You feel drained.
* * * LOW HITPOINT WARNING * * *
You can now pass through a line of other dancers.
As you read the scroll of fear, it crumbles to dust.
You assume a fearsome visage.
The shadow imp looks frightened!
The wight is unaffected. x3; The wight hits you with a +1 falchion.
* * * LOW HITPOINT WARNING * * *
You feel drained.
Unknown command.
You feel better. The wight hits you with a +1 falchion.
* * * LOW HITPOINT WARNING * * *
You feel drained.
* * * LOW HITPOINT WARNING * * *
Unknown command.
Okay, then.
You hit the wight.
The wight is severely damaged.
The wight hits you with a +1 falchion.
You die...

Skill      XL: |  1  2  3  4  5  6  7  8  9 |
---------------+----------------------------+-----
Unarmed Combat | 4 5 |  5.0
Shapeshifting  | 4 5 7 9 10 | 10.0
Fighting       | 3 |  3.0
Stealth        | 3 |  3.0
Dodging        | 3 |  3.0

Action                     |  1- 3 |  4- 6 |  7- 9 || total
---------------------------+-------+-------+-------++-------
  Melee: Unarmed           |    79 |   118 |   186 ||   383
         Punch             |     2 |     1 |     1 ||     4
Ability: Spit Poison       |    21 |    38 |    24 ||    83
    Use: Scroll            |     2 |     1 |     3 ||     6
         Potion            |       |       |     1 ||     1
   Stab: Sleeping          |     1 |       |       ||     1
         Paralysed         |       |       |     8 ||     8
 Armour: Animal skin       |    37 |    24 |    31 ||    92
         Skin              |       |     2 |    57 ||    59
  Dodge: Dodged            |    33 |    55 |   150 ||   238
   Form: Flux              |       |     1 |       ||     1
         Blade             |       |       |     1 ||     1

Levels and vault maps discovered:
D:1:      eino_arrival_water_cross, layout_loops_ring, minmay_liquid_box,
          grunt_decor_mini_mirrors
D:2:      kennysheep_six_static_rooms, layout_basic, serial_shops, shop
D:3:      layout_basic, makhleb_altar_promises_db
D:4:      layout_rooms, uniq_pikel
D:5:      layout_rooms, minmay_temple_entry_proselytizer, uniq_ijyb
D:6:      layout_basic, mainiacjoe_overflow_catwalk, serial_aquarium,
          aquarium_bridge_straight [aquarium_subvault_bridge,
          aquarium_subvault_wall, aquarium_subvault_bridge,
          aquarium_subvault_wall], aquarium_window_fake, aquarium_window_1,
          aquarium_window_1, aquarium_view_2b, aquarium_view_2f,
          grunt_ministairs_11
D:7:      layout_basic, serial_demonic, serial_demonic_d, serial_demonic_c,
          serial_demonic_d, serial_demonic_g, serial_demonic_a, serial_shops,
          shop, uniq_maurice, uniq_menkaure, uniq_duvessa
Temple:   kb_temple_of_zot

Notes
Turn   | Place    | Note
-------+----------+-------------------------------------------
     0 | D:1      | Drazool the Naga Shapeshifter began the quest for the Orb.
     0 | D:1      | Reached XP level 1. HP: 18/18 MP: 1/1
   114 | D:1      | Reached XP level 2. HP: 24/25 MP: 2/2
   410 | D:1      | Reached skill level 4 in Unarmed Combat
   436 | D:1      | Reached XP level 3. HP: 31/31 MP: 3/3
   976 | D:2      | Reached XP level 4. HP: 38/38 MP: 4/4
  1216 | D:2      | Found Louras's Distillery.
  1224 | D:2      | Bought a potion of might for 56 gold pieces
  1237 | D:2      | Bought a potion of curing for 42 gold pieces
  1576 | D:3      | Reached skill level 4 in Shapeshifting
  1581 | D:3      | Found a burning altar of Makhleb.
  1588 | D:3      | Noticed a blizzard demon
  1654 | D:2      | Reached XP level 5. HP: 43/44 MP: 5/5
  1926 | D:3      | Reached skill level 5 in Shapeshifting
  1930 | D:3      | Reached XP level 6. HP: 28/51 MP: 6/6
  2362 | D:4      | Reached skill level 6 in Shapeshifting
  2515 | D:4      | Noticed Pikel
  2530 | D:4      | Killed Pikel
  2531 | D:4      | Reached skill level 7 in Shapeshifting
  2531 | D:4      | Reached skill level 3 in Fighting
  2531 | D:4      | Reached skill level 3 in Stealth
  2531 | D:4      | Reached XP level 7. HP: 62/62 MP: 7/7
  2561 | D:4      | Reached skill level 5 in Unarmed Combat
  2561 | D:4      | Reached XP level 8. HP: 52/69 MP: 8/8
  2633 | D:4      | Identified the +5 plate armour "Sygoat" {Harm Rampage Fly
                  | Regen+ Str-4}
  2884 | D:5      | Entered Level 5 of the Dungeon
  2884 | D:5      | Found a staircase to the Ecumenical Temple.
  2909 | Temple   | Entered the Ecumenical Temple
  2952 | Temple   | Became a worshipper of Uskayaw the Reveller
  2981 | D:5      | Reached * piety under Uskayaw
  2992 | D:5      | Reached ** piety under Uskayaw
  3033 | D:5      | Noticed Ijyb
  3040 | D:5      | Reached skill level 8 in Shapeshifting
  3047 | D:5      | Reached *** piety under Uskayaw
  3048 | D:5      | Killed Ijyb
  3530 | D:5      | Reached skill level 9 in Shapeshifting
  3842 | D:6      | Identified the +12 great sword of the End of Times {heavy,
                  | rElec Dex+2}
  3878 | D:6      | Found a stormy altar of Qazlal.
  3984 | D:6      | Reached XP level 9. HP: 72/75 MP: 9/9
  4699 | D:7      | Found Wiv Mas's Jewellery Shop.
  4733 | D:7      | Noticed Menkaure
  4738 | D:7      | Reached skill level 10 in Shapeshifting
  4740 | D:7      | Reached **** piety under Uskayaw
  4742 | D:7      | Reached skill level 2 in Dodging
  4742 | D:7      | Reached ***** piety under Uskayaw
  4743 | D:7      | Killed Menkaure
  4868 | D:7      | Reached skill level 3 in Dodging
  4876 | D:7      | HP: 5/68 [wight/+1 falchion (3)]
  4879 | D:7      | Slain by a wight

Vanquished Creatures
  Pikel (D:4)
  Menkaure (D:7)
  An ice beast (D:4)
  A sky beast (D:6)
  A black bear (D:5)
  A centaur (D:7)
  A kobold brigand (D:6)
  3 scorpions
  A wight (D:7)
  2 howler monkeys (D:5)
  2 jellies (D:5)
  4 hounds
  A quasit (D:7)
  3 bombardier beetles
  5 orc priests
  Ijyb (D:5)
  3 iguanas
  2 orc wizards
  3 gnolls
  8 adders
  A shadow imp (D:7)
  4 white imps (D:7)
  An ufetubus (D:7)
  2 dart slugs
  4 ribbon worms
  21 orcs
  8 ball pythons
  5 bats
  10 endoplasms
  6 giant cockroaches
  8 goblins
  9 hobgoblins
  11 kobolds
  2 quokkas
  5 frilled lizards
  6 rats (D:1)
148 creatures vanquished.

Table legend: (Time is in decaauts)
 A = Elapsed time spent in this place.
 B = Non-inter-level travel time spent in this place.
 C = Inter-level travel time spent in this place.
 D = Time resting spent in this place.
 E = Time spent auto-exploring this place.
 F = Levels seen in this place.
 G = Mean time per level.
                   A        B        C        D        E       F      G
               +--------+--------+--------+--------+--------+-----+--------+
         Total |   6158 |   5815 |    343 |     83 |   4279 |   8 |  769.8 |
       Dungeon |   6080 |   5737 |    343 |     83 |   4279 |   7 |  868.6 |
        Temple |     78 |     78 |      0 |      0 |      0 |   1 |   78.0 |
               +--------+--------+--------+--------+--------+-----+--------+

Top non-repeatable levels by time:
     D:6: 1237 daAuts
     D:2: 1055 daAuts
     D:1: 1002 daAuts
     D:5: 961 daAuts
     D:3: 810 daAuts
     D:4: 808 daAuts
     D:7: 205 daAuts
  Temple: 78 daAuts

Table legend:
 A = Non-vault XP
 B = Vault XP
 C = Vault XP percentage of total XP
 D = Non-vault monster count
 E = Vault monster count
 F = Vault count percentage of total count
                 A         B        C        D         E       F
            +---------+---------+-------+---------+---------+-------
      Total |    2052 |    1052 |  33.9 |     129 |      19 |  12.8
            +---------+---------+-------+---------+---------+-------
        D:1 |      55 |       0 |   0.0 |      32 |       0 |   0.0
        D:2 |      46 |      25 |  35.2 |      13 |       6 |  31.6
        D:3 |     238 |       0 |   0.0 |      25 |       0 |   0.0
        D:4 |     473 |     617 |  56.6 |      28 |       1 |   3.4
        D:5 |     638 |      77 |  10.8 |      17 |       2 |  10.5
        D:6 |     410 |      53 |  11.4 |      12 |       2 |  14.3
        D:7 |     192 |     280 |  59.3 |       2 |       8 |  80.0
            +---------+---------+-------+---------+---------+-------
